Map: 트로피컬 새크리파이스

Players

Azure

  • Race: Terran Terran
  • Spawn Location: 7:00

NightMare - Winner!

  • Race: Protoss Protoss
  • Spawn Location: 1:00

Event: DreamHack SC2 Masters 2022 Atlanta (Offline)

VOD

Have the link to the VOD?

Description

Time

  • Played on: Nov. 18, 2022, 9:55 a.m.
  • Length: 11:00

All games in this series

Show
View Real Time Build Order
Export as new Build Order

Azure Terran 

Build Orders: Hellion Opening 

Get SALT Encoding   

  12  0:00  SCV  
  13  0:12  SCV  
  14  0:17  Supply Depot  
  14  0:24  SCV  
  15  0:39  SCV, Barracks  
  16  0:44  Refinery  
  16  0:51  SCV  
  16  0:54  Refinery  
  17  1:03  SCV  
  18  1:17  SCV  
  19  1:27  Reaper  
  19  1:28  Supply Depot  
  19  1:29  Orbital Command  
  20  1:43  Factory  
  20  1:56  SCV  
  21  2:05  Barracks Reactor  
  21  2:08  SCV  
  22  2:20  SCV  
  23  2:25  Command Center  
  23  2:31  Starport  
  23  2:33  SCV  
  24  2:45  SCV  
  24  2:46  Hellion x2  
  29  2:52  Supply Depot  
  29  2:57  SCV  
  30  3:10  SCV  
  31  3:14  Hellion x2  
  35  3:20  Medivac  
  37  3:30  Barracks Tech Lab  
  37  3:35  SCV  
  37  3:36  Hellion x2  
  37  3:40  Orbital Command  
  42  3:51  SCV  
  43  4:03  SCV  
  43  4:06  Bunker  
  43  4:09  Marine x2  
  42  4:20  Siege Tank  
  42  4:22  SCV  
  44  4:26  Marine  
  44  4:27  Marine  
  42  4:31  Orbital Command  
  42  4:35  SCV  
  42  4:38  Barracks x2  
  42  4:44  Marine x2  
  44  4:48  SCV  
  44  4:51  Supply Depot  
  45  4:58  SCV  
  46  5:01  SCV  
  46  5:02  Marine x2  
  45  5:20  Marine x2  
  45  5:23  SCV  
  45  5:24  SCV  
  43  5:30  Barracks Tech Lab x2  
  43  5:35  SCV  
  44  5:37  SCV  
  44  5:38  Marine x2  
  44  5:40  Starport Tech Lab  
  47  5:43  Siege Tank  
  47  5:47  SCV  
  47  5:48  Stimpack, Marine  
  47  5:49  SCV  
  53  5:51  Combat Shield, Marine  
  53  5:55  Marine  
  55  5:59  Supply Depot, SCV, Marine  
  55  6:01  SCV  
  55  6:04  Raven  
  58  6:06  Refinery  
  58  6:08  Engineering Bay  
  58  6:09  Marine x2  
  62  6:17  Supply Depot  
  62  6:20  Supply Depot, SCV x2, Marine x2  
  66  6:26  Marine  
  66  6:29  Refinery  
  66  6:30  Marine  
  66  6:32  SCV  
  69  6:33  SCV  
  69  6:34  Supply Depot  
  69  6:35  Terran Infantry Weapons Level 1  
  69  6:39  Siege Tank, Marine  
  74  6:44  Supply Depot, SCV  
  74  6:46  Marine  
  76  6:51  SCV  
  77  6:57  Marauder x2  
  77  6:58  SCV  
  82  7:04  Supply Depot, Marine x2  
  82  7:06  Starport Reactor  
  84  7:10  Concussive Shells  
  84  7:12  SCV  
  84  7:19  Marauder x2  
  84  7:20  SCV  
  84  7:22  Supply Depot, Marine  
  89  7:23  Marine  
  91  7:30  Siege Tank  
  91  7:34  Supply Depot, SCV  
  95  7:39  Marine x2  
  95  7:43  Medivac x2  
  101  7:48  SCV  
  101  7:49  Marine x2  
  101  7:50  SCV  
  105  7:58  Command Center, Marauder  
  107  8:05  Marauder  
  109  8:06  Marine  
  109  8:07  Marine  
  111  8:19  Marine  
  112  8:20  Medivac x2  
  112  8:25  Siege Tank  
  112  8:26  Barracks  
  119  8:27  Barracks  
  119  8:33  Marine x2  
  123  8:34  Marauder  
  123  8:38  Supply Depot  
  123  8:40  Marauder  
  125  8:41  SCV  
  126  8:51  SCV  
  120  8:55  Marauder  
  120  8:58  Marine x2  
  120  9:01  Marauder  
  94  9:06  Medivac, Siege Tank  
  94  9:09  Medivac  
  88  9:13  Orbital Command  
  90  9:17  Marauder  
  90  9:22  Marine x2  
  90  9:23  Marauder  
  94  9:24  SCV  
  94  9:30  Orbital Command  
  95  9:34  Barracks Tech Lab  
  95  9:35  Barracks Reactor  
  95  9:38  SCV x2, Marauder  
  98  9:44  Marauder  
  101  9:50  Marine x2  
  99  9:55  Siege Tank  
  99  9:59  Marauder  
  104  10:01  Medivac x2  
  104  10:02  Marauder  
  104  10:06  Marauder  
  112  10:08  Marine  
  112  10:16  Marine  
  112  10:21  Marauder  
  113  10:23  Marauder  
  113  10:27  Siege Tank  
  113  10:29  Marine x2  
  113  10:30  Marauder, Marine  
  113  10:33  SCV x2  
  113  10:35  Marine  
Show
View Real Time Build Order
Export as new Build Order

NightMare Protoss - Winner!

Build Orders: 1 Gate Expand, Zealot Archon 

Get SALT Encoding   

  12  0:00  Probe  
  13  0:12  Probe  
  14  0:17  Pylon  
  14  0:24  Probe (Chrono Boost)  
  15  0:36  Probe (Chrono Boost)  
  15  0:37  Gateway  
  16  0:45  Probe (Chrono Boost)  
  16  0:46  Assimilator  
  17  0:51  Probe  
  18  1:03  Probe  
  19  1:15  Probe  
  20  1:24  Cybernetics Core  
  22  1:36  Nexus  
  20  1:42  Pylon  
  20  1:45  Probe  
  21  1:50  Assimilator  
  21  1:57  Probe  
  21  1:58  Adept (Chrono Boost)  
  24  2:06  Warp Gate  
  24  2:10  Probe  
  25  2:20  Stalker  
  25  2:22  Probe  
  28  2:34  Probe  
  29  2:40  Robotics Facility  
  29  2:46  Probe  
  29  2:48  Probe  
  31  2:53  Stalker (Chrono Boost)  
  31  2:58  Probe  
  34  3:00  Probe  
  34  3:02  Shield Battery  
  35  3:10  Probe  
  35  3:12  Probe  
  37  3:19  Stalker  
  39  3:22  Probe  
  39  3:24  Probe (Chrono Boost)  
  41  3:28  Observer  
  41  3:29  Pylon  
  41  3:33  Shield Battery  
  42  3:35  Probe (Chrono Boost)  
  42  3:37  Probe (Chrono Boost)  
  44  3:44  Probe x2 (Chrono Boost)  
  46  3:49  Observer  
  46  3:51  Probe  
  46  3:52  Probe  
  46  3:54  Gateway  
  49  3:57  Stalker  
  49  4:01  Gateway  
  51  4:06  Pylon  
  51  4:07  Probe  
  52  4:15  Probe  
  45  4:19  Probe  
  45  4:23  Stalker  
  46  4:29  Probe  
  46  4:31  Probe  
  46  4:41  Probe (Chrono Boost)  
  46  4:43  Probe (Chrono Boost)  
  48  4:49  Stalker x2  
  54  4:53  Probe (Chrono Boost)  
  54  4:54  Probe (Chrono Boost)  
  54  4:56  Pylon  
  54  4:57  Probe (Chrono Boost)  
  54  4:58  Probe (Chrono Boost)  
  54  5:07  Probe  
  54  5:09  Probe  
  54  5:18  Stalker x3  
  54  5:19  Probe  
  57  5:21  Probe  
  58  5:32  Twilight Council  
  58  5:35  Probe x2  
  60  5:45  Nexus  
  60  5:48  Probe x2, Pylon  
  62  5:51  Assimilator  
  62  5:54  Assimilator  
  62  5:57  Warp Prism (Chrono Boost)  
  62  6:03  Charge (Chrono Boost)  
  64  6:13  Probe  
  64  6:14  Templar Archives, Probe  
  66  6:19  Gateway  
  66  6:21  Observer  
  66  6:26  Probe x2  
  68  6:36  Stalker  
  68  6:39  Probe  
  71  6:42  Pylon  
  71  6:47  Probe  
  71  6:51  Probe  
  71  6:52  Gateway  
  73  6:55  Gateway  
  73  6:57  Probe  
  73  6:58  Gateway  
  73  6:59  Observer, Probe  
  73  7:00  Gateway, High Templar x2  
  79  7:03  Sentry, Probe, Psionic Storm  
  79  7:04  Archon  
  79  7:08  Pylon  
  82  7:09  Probe  
  82  7:11  Probe  
  84  7:17  Gateway  
  84  7:18  Shield Battery  
  84  7:23  Zealot  
  84  7:26  Probe x3  
  89  7:32  Zealot, High Templar  
  89  7:36  Pylon  
  93  7:39  Pylon  
  93  7:44  Nexus  
  93  7:46  High Templar  
  93  7:50  Shield Battery  
  93  7:51  Zealot  
  97  7:56  Zealot x2, High Templar  
  97  7:58  Observer  
  103  8:00  Pylon  
  103  8:10  Adept  
  103  8:12  High Templar  
  107  8:14  Zealot x3  
  107  8:17  Pylon  
  107  8:18  Blink (Chrono Boost), Pylon  
  113  8:20  Zealot x3  
  119  8:32  Zealot x2  
  123  8:35  Probe x3  
  123  8:37  Pylon  
  123  8:38  Zealot x2  
  130  8:46  Zealot x2  
  134  8:54  Pylon  
  134  8:55  Pylon  
  114  9:08  Probe x3  
  114  9:09  Probe  
  118  9:14  Robotics Facility  
  118  9:17  Robotics Bay  
  118  9:18  Forge  
  118  9:22  Forge  
  118  9:25  Zealot x8  
  118  9:26  Zealot  
  136  9:33  Assimilator  
  136  9:34  Probe x4, Assimilator  
  136  9:37  Pylon  
  127  10:01  Zealot x4  
  127  10:02  Stalker x4  
  127  10:03  Stalker  
  149  10:21  Observer  
  139  10:30  Zealot x8  
  139  10:32  Zealot  
  157  10:38  Photon Cannon  
  133  10:58  Stalker x6, Pylon  
Tags
 
Add a new tag
Caveats
  • Supply blocks, unpowered buildings, or Contaminate may cause inaccurate times.
  • Supply counts are checked every 10 seconds.